 Dungeon Crawl Stone Soup version bcrawl-1.12-11-gb93c957c58 (webtiles) character file.

Game seed: 346469445229360193

229 Chiseanne the Basher (level 5, 0/46 HPs)
             Began as a Minotaur Archaeologist on July 10, 2019.
             Slain by a sky beast (5 damage)
             ... on level 4 of the Dungeon.
             The game lasted 00:06:45 (2365 turns).

Chiseanne the Basher (Minotaur Archaeologist)       Turns: 2365, Time: 00:06:46

Health: 0/46       AC: 11    Str: 16    XL:     5   Next: 71%
Magic:  4/4        EV: 10    Int: 11    God:
Gold:   262        SH:  0    Dex:  9    Spells: 4/4 levels left

rFire    . . .     SeeInvis .   k - +0 short sword
rCold    . . .     Gourm    .   (no shield)
rNeg     . . .     Faith    .   o - +0 scale mail
rPois    .         Spirit   .   b - +1 hat
rElec    .         Reflect  .   (no cloak)
rCorr    .         Harm     .   d - +1 pair of gloves
MR       .....                  c - +1 pair of boots
Stlth    +.........             (no amulet)
HPRegen  0.15/turn              (no ring)
MPRegen  0.09/turn              (no ring)

@: studying Maces & Flails
A: retaliatory headbutt, horns 2
a: no special abilities


You were on level 4 of the Dungeon.
You were not hungry.

You visited 1 branch of the dungeon, and saw 4 of its levels.

You collected 262 gold pieces.

Inventory:

Hand Weapons
 a - a +0 club
 k - a +0 short sword (weapon)
Missiles
 i - 547 sling bullets
 j - 321 arrows
Armour
 b - a +1 hat (worn)
 c - a +1 pair of boots (worn)
 d - a +1 pair of gloves (worn)
 o - a +0 scale mail (worn)
Scrolls
 r - a scroll of amnesia
 s - 2 scrolls of remove curse
Potions
 h - 4 potions of curing
 n - 2 potions of flight
 q - 2 potions of heal wounds
 u - a potion of mutation
Books
 e - a manual of Maces & Flails
Miscellaneous
 f - an ancient crate
Comestibles
 g - 5 rations {!d}
 m - 2 chunks of flesh


   Skills:
 - Level 3.7 Fighting
 + Level 8.2 Maces & Flails
 - Level 3.2 Dodging
 - Level 2.6 Stealth


You had 4 spell levels left.
You didn't know any spells.
Your spell library was empty.

Dungeon Overview and Level Annotations

Branches:
Dungeon (4/12)
 Temple: D:4-7

Altars:


Innate Abilities, Weirdness & Mutations

You reflexively headbutt those who attack you in melee.
You have a pair of horns on your head.


Message History

You miss something.
Something hits you but does no damage. x2
You hit something but do no damage. Something hits you but does no damage.
You closely miss something. Your headbutt misses something. Something hits you.
Something shocks you.
You miss something. Something hits you. Something shocks you.
* * * LOW HITPOINT WARNING * * *
You closely miss something. You headbutt something. Something hits you.
* * * LOW HITPOINT WARNING * * *
Something shocks you.
* * * LOW HITPOINT WARNING * * *
You closely miss something. Your headbutt misses something.
Something hits you but does no damage.
A sky beast appears from thin air!
Reactivating autopickup.
The sky beast flickers out of sight!
Deactivating autopickup; reactivate with Ctrl-A.
Something hits you.
* * * LOW HITPOINT WARNING * * *
Something shocks you.
You die...

###### #.##.# ####
#.#..# #..## ##..##
##...## #..#
##.....# #..#
#......# #@.#
#...<..## #.##
#.......# ##.#
#.......# #..##
##......### #...#
#.....!#..
##..#######....[...
#........#........
##................#
#......######......


There were no monsters in sight!

Vanquished Creatures
  A hound (D:3)
  3 orc wizards (D:3)
  A worker ant zombie (D:4)
  An adder (D:3)
  3 worms
  4 dart slugs
  9 leopard geckos
  5 orcs (D:3)
  6 bats
  2 goblins
  7 hobgoblins
  9 kobolds
  A quokka (D:2)
  A ball python (D:3)
  2 frilled lizards
  8 rats
63 creatures vanquished.

Vanquished Creatures (others)
  An orc wizard (D:3)
1 creature vanquished.

Grand Total: 64 creatures vanquished

Notes
Turn   | Place    | Note
-------+----------+-------------------------------------------
     0 | D:1      | Chiseanne the Minotaur Archaeologist began the quest for
                  | the Orb.
     0 | D:1      | Reached XP level 1. HP: 16/16 MP: 0/0
   201 | D:1      | Reached XP level 2. HP: 22/25 MP: 1/1
   949 | D:1      | Reached XP level 3. HP: 29/33 MP: 2/2
  1172 | D:2      | Reached skill level 1 in Maces & Flails
  1240 | D:2      | Reached skill level 2 in Maces & Flails
  1511 | D:3      | Reached skill level 3 in Maces & Flails
  1651 | D:3      | Reached skill level 4 in Maces & Flails
  1651 | D:3      | Reached XP level 4. HP: 40/40 MP: 3/3
  1789 | D:3      | Reached skill level 5 in Maces & Flails
  1867 | D:3      | Reached skill level 6 in Maces & Flails
  1867 | D:3      | Reached XP level 5. HP: 36/46 MP: 4/4
  1977 | D:3      | Reached skill level 7 in Maces & Flails
  2022 | D:3      | Reached skill level 8 in Maces & Flails
  2321 | D:4      | Noticed a sky beast
  2365 | D:4      | Slain by a sky beast

Skill      XL: |  1  2  3  4  5 |
---------------+----------------+-----
Fighting       | 2 3 |  3.7
Maces & Flails | 4 6 8 |  8.2
Dodging        | |  3.2
Stealth        | |  2.6

Action                   |  1- 3 |  4- 6 || total
-------------------------+-------+-------++-------
Melee: Unarmed           |    78 |       ||    78
       Headbutt          |    13 |    19 ||    32
       Club              |    32 |       ||    32
       Short sword       |    51 |   111 ||   162
  Use: Scroll            |     6 |     4 ||    10
 Stab: Sleeping          |     2 |     1 ||     3
  Eat: Chunk             |     3 |     2 ||     5
Armor: Robe              |    16 |       ||    16
       Ring mail         |    62 |    38 ||   100
       Scale mail        |       |    16 ||    16
Dodge: Dodged            |   102 |    50 ||   152
